 Dungeon Crawl Stone Soup version 0.31-a0-4-gefa6de2278 (webtiles) character file.

Game seed: 4221910668547255630

412 Orangeyouglad the Slasher (level 7, -1/55 HPs)
             Began as a Human Monk on May 4, 2023.
             Slain by a cerulean imp
             ... wielding a +0 spear
             ... summoned by Natasha
              (3 damage)
             ... on level 2 of the Dungeon.
             The game lasted 00:08:56 (2840 turns).

Orangeyouglad the Slasher (Human Monk)              Turns: 2840, Time: 00:08:57

Health: -1/55      AC:  8    Str: 11    XL:     7   Next: 14%
Magic:  7/7        EV:  9    Int: 11    God:
Gold:   273        SH:  0    Dex: 17    Spells: 6/6 levels left

rFire   . . .        a - +0 falchion
rCold   . . .        d - orb {light}
rNeg    . . .        l - +0 ring mail
rPois   .            o - +1 helmet
rElec   .            (no cloak)
rCorr   .            f - +0 pair of gloves
SInv    .            (no boots)
Will    +....        (no amulet)
Stlth   +            n - ring of willpower
HPRegen 0.29/turn    (no ring)
MPRegen 0.10/turn

%: no passive effects
@: grasped by roots, slowed, glowing, constricted, very slow
A: no striking features
a: no special abilities


You were on level 2 of the Dungeon.
You visited 1 branch of the dungeon, and saw 4 of its levels.
You also visited: Ossuary.

You collected 273 gold pieces.

Inventory:

Hand Weapons
 a - a +0 falchion (weapon)
Armour
 b - a +0 robe
 d - an orb of light (worn)
 f - a +0 pair of gloves (worn)
 l - a +0 ring mail (worn)
 o - a +1 helmet (worn)
 x - the +1 robe of Circular Logic {rC+ rN+ Will- Str+2}
   (You found it on level 3 of the Dungeon)

   Str:       It affects your strength (+2).
   rC:        It protects you from cold.
   rN:        It protects you from negative energy.
   Will:      It decreases your willpower.
Jewellery
 n - a ring of willpower (left hand)
 p - a ring of see invisible
Scrolls
 e - a scroll of amnesia {unknown}
 j - a scroll of immolation {unknown}
 k - a scroll of noise {unknown}
 m - 2 scrolls of fog {unknown}
 r - a scroll of enchant weapon {unknown}
 u - 3 scrolls of identify {unknown}
 v - a scroll of fear {unknown}
 w - a scroll of butterflies {unknown}
 y - a scroll of vulnerability {unknown}
Potions
 c - a potion of ambrosia
 g - 3 potions of heal wounds {unknown}
 h - a potion of flight {unknown}
 i - a potion of curing {unknown}
 q - 2 potions of haste {unknown}
 s - 2 potions of degeneration {unknown}
 t - 2 potions of might {unknown}


   Skills:
 + Level 4.9 Fighting
 + Level 5.0 Long Blades
 + Level 5.0 Dodging


You had 6 spell levels left.
You didn't know any spells.
Your spell library contained the following spells:

 Spells                   Type           Power      Damage    Failure   Level
 Shock                    Conj/Air       0%         1d3       65%         1
 Sting                    Tmut/Pois      0%         1d3       65%         1
 Poisonous Vapours        Pois/Air       0%         N/A       78%         2
 Mephitic Cloud           Conj/Pois/Air  0%         N/A       95%         3
 Swiftness                Air            0%         N/A       95%         3
 Airstrike                Air            0%         2d(0-16)  100%        4
 Olgreb's Toxic Radiance  Pois           0%         N/A       100%        4
 Freezing Cloud           Conj/Ice/Air   0%         6-21      100%        5
 Malign Gateway           Summ/Tloc      0%         N/A       100%        7
 Summon Horrible Things   Summ           0%         N/A       100%        8


Dungeon Overview and Level Annotations

Branches:
Dungeon (4/15)            Ossuary (visited)
 Temple: D:4-7

Altars:
Ashenzari
Nemelex Xobeh
Zin

Annotations:
D:2 Natasha, Terence
D:4 Dowan, Duvessa


Message History

Natasha zaps a wand.
The roots erupt in riotous growth!
The grasping roots grab you!
The quokka is unaffected.
The grasping roots constrict you. The quokka barely misses you.
The grasping roots constrict you.
* * * LOW HITPOINT WARNING * * *
You see here a +0 ring mail.
You escape the roots grasp.
Natasha mumbles some strange words.
The quokka bites you.
* * * LOW HITPOINT WARNING * * *
The quokka attacks as you move away!
The quokka bites you but does no damage.
Natasha attacks as you move away! Natasha claws you but does no damage.
The quokka barely misses you.
Natasha zaps a wand.
The roots erupt in riotous growth!
The grasping roots grab you!
Natasha is unaffected.
The quokka is unaffected.
The grasping roots constrict you.
* * * LOW HITPOINT WARNING * * *
You escape the roots grasp.
The quokka attacks as you move away! The quokka barely misses you.
Natasha attacks as you move away! Natasha claws you but does no damage.
Natasha mumbles some strange words.
Natasha's front paws start to glow.
The quokka bites you but does no damage.
Natasha zaps a wand.
The roots erupt in riotous growth!
The grasping roots grab you!
Natasha is unaffected.
The grasping roots constrict you.
* * * LOW HITPOINT WARNING * * *
There is a stone staircase leading up here.
Okay, then.
Okay, then.
The roots grasp on you weakens, but your attempt to escape fails.
Natasha casts a spell at you. The magic dart hits you.
* * * LOW HITPOINT WARNING * * *
The grasping roots constrict you.
* * * LOW HITPOINT WARNING * * *
The cerulean imp hits you from afar with a +0 spear.
You die...

......)....# #.#######
#.########.# #.......#
.........#.# #.#####.#
#†######.#.# #.# #.# #.#
#.# #.# #.# #.#
#.########.# #.# #.#
#..........# #.# #.# #
################.# #.#
#..#.#####rh@......##.# #.#
#.......[.5###.###.##.# #
#..#.#...........#.##.#
#.#.#. # #.#######.#)#.##.#
....... ..............>...#
#.#.#..#...#######.#.#.####
#.# #.#.# #.#.#.# # # ".#.#
....#.# # ...#.# .....#.#


You could see Natasha, a cerulean imp (summoned) and a quokka.

Vanquished Creatures
  An elf zombie (Ossuary)
  3 human zombies
  A hound (D:4)
  Natasha (twice) (D:2)
  4 mummies (Ossuary)
  3 adders
  2 ufetubi
  A worm zombie (D:4)
  A worm (D:4)
  3 dart slugs
  5 ball pythons
  3 bats (D:1)
  6 endoplasms
  2 giant cockroaches (D:1)
  9 goblins
  5 hobgoblins
  6 jackals
  A quokka (D:1)
  2 frilled lizards
  A gnoll zombie (Ossuary)
  A goblin zombie (Ossuary)
  4 jackal zombies (Ossuary)
  5 kobolds
  A kobold zombie (Ossuary)
  An orc zombie (Ossuary)
  9 rats
  A rat zombie (Ossuary)
83 creatures vanquished.

Notes
Turn   | Place    | Note
-------+----------+-------------------------------------------
     0 | D:1      | Orangeyouglad the Human Monk began the quest for the Orb.
     0 | D:1      | Reached XP level 1. HP: 18/18 MP: 1/1
    72 | D:1      | Reached XP level 2. HP: 16/24 MP: 2/2
   112 | D:1      | Found a faded altar of an unknown god.
   376 | D:1      | Reached XP level 3. HP: 29/29 MP: 3/3
   935 | D:2      | Noticed Natasha
   944 | D:2      | Killed Natasha
   945 | D:2      | Reached XP level 4. HP: 35/37 MP: 4/4
  1048 | D:2      | Noticed Terence
  1084 | D:2      | You fall into a shaft and drop 2 floors!
  1101 | D:4      | Found a broken altar of Ashenzari.
  1143 | D:4      | Reached XP level 5. HP: 37/42 MP: 5/5
  1428 | D:4      | Noticed Duvessa
  1428 | D:4      | Noticed Dowan
  1443 | D:4      | Found a sparkling altar of Nemelex Xobeh.
  1471 | D:4      | Found a sand-covered staircase.
  1497 | Ossuary  | Entered an ossuary
  1664 | Ossuary  | Reached XP level 6. HP: 40/49 MP: 6/6
  2212 | D:3      | Reached XP level 7. HP: 54/55 MP: 7/7
  2236 | D:3      | Identified the +1 robe of Circular Logic {rC+ rN+ Will-
                  | Str+2}
  2304 | D:3      | Found a glowing silver altar of Zin.
  2732 | D:2      | Noticed Natasha
  2741 | D:2      | Killed Natasha
  2742 | D:2      | Reached skill level 5 in Long Blades
  2742 | D:2      | Reached skill level 5 in Dodging
  2820 | D:2      | Noticed Natasha
  2840 | D:2      | HP: 2/55 [constriction (4)]
  2840 | D:2      | Slain by a cerulean imp

Illustrated notes

Levels and vault maps discovered:
D:1:      shiori_shiawase, layout_loops_ring,
          shapermc_ecumenical_altar_starsandcircs, hangedman_decor_points
D:2:      layout_basic, uniq_jessica, uniq_natasha, uniq_terence
D:3:      layout_basic, zin_scriptorium, roderic_lattice_a
D:4:      layout_loops_corners, mainiacjoe_overflow_alcove_1,
          nemelex_xobeh_ov_fountains_minmay, lemuel_tele_altar, enter_ossuary_3,
          chequers_arboretum, uniq_duvessa

Skill      XL: |  1  2  3  4  5  6  7 |
---------------+----------------------+-----
Long Blades    | 4 5 |  5.0
Dodging        | 4 5 |  5.0
Fighting       | 4 |  4.9

Action                     |  1- 3 |  4- 6 |  7- 9 || total
---------------------------+-------+-------+-------++-------
  Melee: Falchion          |    80 |   173 |    51 ||   304
  Throw: Throwing net      |       |       |     2 ||     2
    Use: Scroll            |       |     3 |       ||     3
   Stab: Held in net/web   |       |       |     3 ||     3
 Armour: Robe              |    13 |       |       ||    13
         Ring mail         |     4 |    63 |    20 ||    87
  Dodge: Dodged            |    47 |   108 |    38 ||   193

Table legend: (Time is in decaauts)
 A = Elapsed time spent in this place.
 B = Non-inter-level travel time spent in this place.
 C = Inter-level travel time spent in this place.
 D = Time resting spent in this place.
 E = Time spent auto-exploring this place.
 F = Levels seen in this place.
 G = Mean time per level.
                   A        B        C        D        E       F      G
               +--------+--------+--------+--------+--------+-----+--------+
         Total |   2875 |   2800 |     75 |    353 |    784 |   5 |  575.0 |
       Dungeon |   2240 |   2165 |     75 |    221 |    714 |   4 |  560.0 |
       Ossuary |    635 |    635 |      0 |    132 |     70 |   1 |  635.0 |
               +--------+--------+--------+--------+--------+-----+--------+

Top non-repeatable levels by time:
     D:1: 1033 daAuts
 Ossuary: 635 daAuts
     D:2: 512 daAuts
     D:4: 441 daAuts
     D:3: 252 daAuts
